Map: Blueshift LE

Players

ShoWTimE - Winner!

  • Race: Protoss Protoss
  • Spawn Location: 1:00

SpeCial

  • Race: Terran Terran
  • Spawn Location: 7:00

Event: WCS Montreal 2018

VOD

Have the link to the VOD?

Description

Time

  • Played on: Sept. 7, 2018, 9:14 p.m.
  • Length: 10:48

All games in this series

Show
View Real Time Build Order
Export as new Build Order

ShoWTimE Protoss - Winner!

Build Orders: 1 Gate Expand, Phoenix Opening 

Get SALT Encoding   

  12  0:00  Probe  
  13  0:13  Probe  
  14  0:17  Pylon  
  14  0:24  Probe  
  15  0:32  Probe  
  15  0:37  Gateway  
  15  0:40  Probe  
  16  0:46  Assimilator  
  17  0:51  Probe  
  18  1:03  Probe  
  19  1:15  Probe  
  20  1:25  Cybernetics Core  
  20  1:34  Nexus  
  20  1:38  Zealot  
  22  1:46  Pylon  
  22  1:52  Probe  
  23  1:55  Assimilator  
  23  1:57  Adept  
  23  2:04  Probe  
  26  2:16  Probe  
  27  2:25  Adept  
  27  2:28  Probe  
  30  2:30  Pylon  
  30  2:40  Probe  
  30  2:42  Stargate  
  31  2:48  Warp Gate, Probe  
  32  2:54  Adept  
  32  2:57  Probe  
  35  2:58  Probe  
  36  3:05  Probe  
  36  3:06  Probe  
  38  3:13  Probe  
  38  3:15  Probe  
  38  3:19  Phoenix  
  39  3:24  Probe  
  43  3:35  Gateway  
  43  3:38  Phoenix  
  43  3:40  Gateway  
  42  3:47  Probe x2  
  46  3:52  Shield Battery  
  46  3:59  Probe  
  48  4:04  Pylon  
  48  4:06  Phoenix  
  49  4:11  Pylon  
  49  4:18  Pylon  
  48  4:25  Probe  
  48  4:29  Probe  
  48  4:31  Phoenix  
  49  4:37  Probe  
  52  4:41  Pylon, Probe  
  53  4:48  Probe  
  53  4:51  Probe  
  54  4:56  Probe, Forge  
  54  4:57  Twilight Council  
  54  4:59  Probe  
  55  5:04  Pylon  
  55  5:05  Probe  
  57  5:11  Stalker  
  57  5:12  Protoss Ground Weapons Level 1  
  57  5:13  Stalker, Probe  
  62  5:17  Probe  
  62  5:21  Blink  
  64  5:25  Probe  
  65  5:30  Probe, Assimilator  
  65  5:34  Pylon, Assimilator  
  66  5:39  Probe  
  66  5:42  Probe  
  68  5:52  Nexus  
  68  5:53  Probe  
  69  5:57  Sentry  
  69  6:01  Probe  
  72  6:06  Probe  
  73  6:11  Sentry  
  73  6:13  Probe  
  73  6:18  Probe  
  77  6:19  Robotics Facility  
  77  6:23  Pylon  
  77  6:25  Probe  
  78  6:30  Probe  
  78  6:31  Shield Battery  
  79  6:33  Shield Battery  
  79  6:36  Stalker, Sentry  
  79  6:37  Probe  
  84  6:40  Pylon  
  84  6:42  Probe  
  85  6:49  Protoss Ground Armor Level 1, Gateway x2, Probe  
  86  6:54  Probe  
  86  6:55  Gateway  
  87  7:01  Probe  
  87  7:03  Stalker x2  
  87  7:05  Probe  
  87  7:06  Probe  
  92  7:11  Pylon  
  92  7:13  Probe  
  93  7:17  Probe, Charge  
  93  7:18  Probe  
  95  7:27  Assimilator  
  95  7:29  Assimilator  
  95  7:33  Photon Cannon  
  95  7:34  Stalker x2  
  95  7:35  Observer  
  99  7:40  Shield Battery  
  99  7:42  Pylon  
  99  7:43  Pylon, Probe  
  102  7:44  Probe  
  102  7:46  Robotics Bay  
  102  7:52  Observer  
  102  7:54  Robotics Facility  
  102  7:57  Stalker x2  
  107  8:00  Stalker  
  107  8:01  Photon Cannon  
  109  8:06  Stalker  
  109  8:12  Stalker, Forge  
  113  8:15  Stalker  
  115  8:33  Stalker x2  
  119  8:35  Stalker x3  
  125  8:47  Pylon  
  125  8:50  Disruptor  
  125  8:55  Nexus  
  125  8:56  Disruptor  
  131  9:03  Pylon  
  131  9:07  Pylon  
  131  9:11  Pylon  
  131  9:17  Disruptor  
  131  9:20  Probe x3  
  131  9:22  Disruptor, Zealot x3  
  143  9:32  Zealot x3  
  138  9:46  Zealot x3  
  138  9:50  Disruptor  
  138  9:56  Stalker x3  
  138  9:58  Warp Prism, Probe x3  
  152  10:07  Zealot x2  
  154  10:09  Zealot x2  
  154  10:10  Zealot  
  156  10:18  Dark Shrine  
  153  10:27  Stalker x3  
  146  10:41  Stalker x3  
Show
View Real Time Build Order
Export as new Build Order

SpeCial Terran 

Build Orders: MMM Bio 

Get SALT Encoding   

  12  0:00  SCV  
  13  0:12  SCV  
  14  0:17  Supply Depot  
  14  0:24  SCV  
  15  0:39  SCV  
  15  0:40  Barracks  
  16  0:45  Refinery  
  16  0:51  SCV  
  16  0:55  Refinery  
  17  1:03  SCV  
  18  1:15  SCV  
  19  1:28  Reaper  
  19  1:29  Orbital Command  
  20  1:40  Supply Depot  
  20  1:48  Factory  
  20  1:54  SCV  
  21  2:02  Marine  
  21  2:06  SCV  
  23  2:18  Bunker, SCV  
  24  2:30  SCV  
  24  2:33  Factory Reactor  
  25  2:37  Command Center  
  25  2:45  SCV  
  25  2:50  Starport  
  26  2:54  Supply Depot  
  26  2:58  SCV  
  26  3:10  Hellion x2, SCV  
  31  3:22  SCV  
  32  3:27  Medivac  
  32  3:31  Hellion x2  
  38  3:37  SCV  
  38  3:39  Barracks Tech Lab  
  39  3:41  Supply Depot  
  39  3:49  SCV  
  44  4:01  SCV  
  48  4:04  Cyclone x2  
  49  4:12  Orbital Command  
  49  4:16  SCV  
  50  4:24  Marine  
  50  4:30  SCV  
  48  4:41  Command Center  
  48  4:44  Cyclone  
  45  4:46  Cyclone  
  45  4:51  Bunker  
  45  4:52  SCV  
  47  4:53  SCV  
  47  4:56  Marine  
  47  4:58  Stimpack  
  49  5:05  SCV x2  
  51  5:11  Engineering Bay  
  51  5:14  Marine  
  51  5:16  Widow Mine  
  51  5:18  Widow Mine  
  54  5:24  SCV x2  
  54  5:32  Marine  
  55  5:36  SCV x2  
  55  5:37  Terran Infantry Weapons Level 1  
  55  5:40  Missile Turret, Barracks  
  55  5:42  Barracks  
  57  5:48  SCV  
  57  5:49  SCV, Marine  
  58  5:58  Supply Depot  
  58  6:00  SCV  
  58  6:01  SCV, Refinery, Orbital Command  
  58  6:02  Refinery  
  58  6:03  Factory Reactor  
  60  6:07  Marine  
  60  6:12  SCV  
  60  6:13  SCV  
  60  6:14  Starport  
  60  6:16  Engineering Bay  
  62  6:24  SCV  
  62  6:25  SCV, Marine  
  64  6:31  Missile Turret  
  66  6:34  SCV  
  66  6:36  SCV, Barracks Tech Lab  
  66  6:40  SCV  
  66  6:41  Barracks x2  
  66  6:42  Marine  
  66  6:43  Marine  
  66  6:44  Marine  
  66  6:46  SCV  
  71  6:47  Factory Reactor  
  71  6:48  SCV  
  71  6:52  SCV  
  71  6:53  Terran Infantry Armor Level 1  
  73  6:59  SCV  
  73  7:00  SCV  
  73  7:01  Marine x2  
  75  7:02  Medivac x2  
  75  7:05  Orbital Command  
  80  7:12  Marauder x2  
  80  7:15  SCV  
  85  7:21  Supply Depot  
  85  7:22  SCV, Marine x2, Supply Depot  
  88  7:27  SCV  
  89  7:31  SCV  
  89  7:33  Medivac  
  89  7:34  SCV  
  89  7:36  Barracks Reactor, Barracks Tech Lab  
  93  7:42  Medivac  
  93  7:43  Marauder x2, SCV x2  
  101  7:45  Marine x2  
  101  7:46  SCV  
  101  7:48  Widow Mine  
  106  7:52  Missile Turret  
  106  7:55  SCV  
  106  7:57  Widow Mine  
  109  8:00  Armory  
  109  8:06  Supply Depot  
  109  8:08  Supply Depot  
  109  8:18  Supply Depot  
  109  8:20  Combat Shields  
  109  8:21  Concussive Shells  
  109  8:27  SCV x2, Marine x4  
  109  8:28  Marauder  
  109  8:30  Marauder, SCV  
  120  8:34  Supply Depot  
  120  8:36  Refinery  
  120  8:37  Refinery, Marine  
  118  8:42  SCV  
  118  8:44  Widow Mine x2  
  118  8:45  Medivac, Marine  
  118  8:48  Medivac  
  125  8:49  Marauder  
  125  8:51  Marauder  
  124  8:55  SCV  
  124  9:01  Marine x3  
  127  9:03  Marine  
  127  9:04  Marauder  
  132  9:11  Marauder  
  132  9:13  Marauder  
  129  9:19  Marine  
  130  9:25  Marauder  
  130  9:29  Factory  
  130  9:31  Factory, Marine x3  
  121  9:32  Marauder  
  121  9:34  Marauder  
  121  9:36  Factory Tech Lab, Marine  
  118  9:47  Marauder  
  118  9:48  Marine  
  118  9:49  Marine x2  
  118  9:50  Medivac  
  118  9:51  Medivac  
  123  9:53  Marauder  
  123  9:54  Marine  
  123  9:55  Marine  
  122  10:06  Marine x2  
  124  10:07  Marine  
  124  10:08  Marauder  
  124  10:12  Marine  
  124  10:13  Marauder  
  122  10:19  Factory Tech Lab x2  
  122  10:24  Marine  
  122  10:25  Marauder, Marine  
  122  10:26  Marine  
  109  10:30  Marine  
Tags
 
Add a new tag
Caveats
  • Supply blocks, unpowered buildings, or Contaminate may cause inaccurate times.
  • Supply counts are checked every 10 seconds.